 Dungeon Crawl Stone Soup version 0.18.1-48-g4cf74bf (webtiles) character file.

31425 rlgrobin the Nimble (level 13, -17/101 HPs)
             Began as a Mummy Monk on Sept 10, 2016.
             Demolished by a giant leech (19 damage)
             ... on level 6 of the Lair of Beasts.
             The game lasted 01:49:00 (44182 turns).

rlgrobin the Nimble (Mummy Monk)                   Turns: 44182, Time: 01:49:00

Health: -17/101    AC:  7    Str: 17    XL:     13   Next: 25%
Magic:  13/13      EV: 23    Int: 10    God:
Gold:   862        SH:  0    Dex: 20    Spells: 0 memorised, 12 levels left

rFire  x . .     SeeInvis .       - Unarmed
rCold  + . .     Gourm    .     (no armour)
rNeg   + + +     Faith    .     (no shield)
rPois  ∞         Spirit   .     s - +1 hat {Waste}
rElec  .         Dismiss  .     m - +2 cloak {MR+} {Alas poor Yiuf!}
rCorr  .         Reflect  .     (no gloves)
SustAt .         Harm     .     k - +2 pair of boots
MR     ++...                    (no amulet)
Stlth  ++++......               u - +2 ring of strength
                                z - +2 ring of dexterity

@: very resistant to hostile enchantments, stealthy
A: no food or potions, fire vulnerability, cold resistance 1, negative energy
resistance 3, torment resistance, unbreathing, in touch with death 1, restore
body
a: Self-Restoration


You were on level 6 of the Lair of Beasts.
You were not hungry.

You visited 2 branches of the dungeon, and saw 15 of its levels.

You collected 962 gold pieces.
You spent 100 gold pieces at shops.


Innate Abilities, Weirdness & Mutations

You do not eat or drink.
Your flesh is vulnerable to fire.
You are immune to poison.
Your flesh is cold resistant.
You are immune to negative energy.
You are immune to unholy pain and torment.
You can survive without breathing.
You are in touch with the powers of death.
You can restore your body by infusing magical energy.


   Skills:
 - Level 9.1 Fighting
 + Level 12.6 Dodging
 - Level 6.0 Stealth
 - Level 12.0 Unarmed Combat


You had 12 spell levels left.
You didn't know any spells.

Inventory:

Hand Weapons
 q - the +2 dagger of Honour {pierce, MR+, unknown}

   It inflicts extra damage upon your enemies.
   It affects your resistance to hostile enchantments.
Missiles
 b - 87 poisoned needles (quivered)
 j - 3 large rocks {=f}
Armour
 i - a +0 helmet
 k - a +2 pair of boots (worn)
 m - a +2 cloak of magic resistance (worn) {Alas poor Yiuf!}
 s - a +1 hat (worn) {Waste}
 v - a +0 buckler {Threadbane}
 x - the +2 robe of vines {NoDeviceHeal Regen+7, VsMo}

   It increases your rate of regeneration.
Jewellery
 d - an uncursed amulet of dismissal {unknown}
 f - an uncursed ring of protection from magic
 p - a +4 ring of slaying {!P FILTH}
 t - an uncursed amulet of magic regeneration {unknown}
 u - a +2 ring of strength (right hand)
 w - an uncursed ring of see invisible
 z - a +2 ring of dexterity (left hand)
Scrolls
 a - 2 scrolls of random uselessness
 c - 3 scrolls of recharging
 e - 5 scrolls of noise {!r}
 h - 2 scrolls of amnesia
 l - 2 scrolls of magic mapping
 n - 6 scrolls of enchant weapon
 o - 5 scrolls of remove curse
 r - a scroll of teleportation {@r4}
 y - 2 scrolls of immolation {!r}
 A - a scroll of blinking
 B - a scroll of fog
 C - a scroll of identify {@r1}
Comestibles
 g - 10 fruits
 D - a royal jelly

Dungeon Overview and Level Annotations

Branches:
Dungeon (9/15)             Temple (0/1) D:5            Lair (6/8) D:8
 Spider (0/4) Lair:5
  Swamp: Lair:3-6    Shoals: Lair:3-6     Slime: Lair:6-8       Orc: D:9-12

Altars:
Elyvilon
Fedhas
Kikubaaqudgha
Makhleb
Pakellas
Sif Muna
Trog
Vehumet
Xom
Yredelemnul
The Shining One

Shops:
D:7 [

Annotations:
D:5 exclusion: downstairs
D:6 exclusion: door
D:7 War, exclusion: downstairs
D:8 !Unsafe!, exclusion: downstairs
D:9 Steam and Maurice, exclusions: door, steam dragon and 2 more exclusions, Maurice
Lair:1 First Trophy
Lair:2 exclusion: downstairs
Lair:3 !8 legs, exclusion: downstairs
Lair:4 !FIRE, exclusions: downstairs, lindwurm and 16 more exclusions, Harold
Lair:5 Bad news

...............▒
..............▒▒
..............▒▒
...............▒▒
................▒
................▒
.......▒▒▒......▒▒
......▒▒▒........▒▒
................Mf▒
...............YwY▒
...............Y.Y▒▒▒
................tY..▒
▒▒................▒†▒▒
▒<..................▒
......(..............▒
..............P.....▒▒▒
......................▒


You could see a giant leech, a crocodile and 5 sheep.


Message History

You pulverise the black mamba!
You punch the black mamba!
The black mamba is heavily wounded!
The black mamba bites you!
You barely miss the black mamba!
The black mamba is heavily wounded!
The black mamba misses you!
You pulverise the black mamba!
The black mamba is severely wounded!
The black mamba barely misses you! The sheep bites you!!!
The black mamba bites you!!!
You squash the black mamba like an ant!!!
You punch the black mamba!
The black mamba is almost dead!
The black mamba bites you! The sheep closely misses you!
You closely miss the black mamba!
The black mamba is almost dead!
The black mamba bites you!!! * * * don't die
* * * The sheep misses you!
The black mamba misses you!
You beat the black mamba into a bloody pulp!!!
You annihilate the black mamba!!!
The sheep bites you! * * * don't die
* * * The sheep bites you! * * * don't die
* * * The sheep misses you!
The giant leech bites you!!!!!! * * * don't die
* * * The giant leech bites you!!!!!! rip

Action                   |  1- 3 |  4- 6 |  7- 9 | 10-12 | 13-15 || total
-------------------------+-------+-------+-------+-------+-------++-------
Melee: Unarmed           |   174 |   344 |   873 |  1649 |   260 ||  3300
       Punch             |     3 |    10 |    37 |   129 |    23 ||   202
  Use: Scroll            |       |       |     7 |    11 |       ||    18
 Stab: Sleeping          |     8 |     3 |     6 |    11 |     2 ||    30
       Distracted        |       |     3 |     1 |     2 |       ||     6
Armor: Skin              |       |    18 |   126 |   178 |    23 ||   345
Dodge: Dodged            |    97 |   211 |   559 |  1230 |   276 ||  2373

Vault maps used:
D:1:      minmay_arrival_wavy_path
D:2:      grunt_temple_overflow_growth_and_decay, first_bread, minivault_14
D:3:      uniq_terence
D:4:      uniq_blork_the_orc, uniq_crazy_yiuf_cottage, uniq_robin
D:5:      grunt_temple_overflow_lords_of_destruction, lemuel_crystal_altar,
          temple_statues, serial_glass, glass_columns_a, glass_columns_a,
          glass_columns_c, glass_columns_c, glass_columns_a, glass_columns_c,
          glass_columns_c, glass_columns_a
D:6:      xom_teletrap_fun, gammafunk_pakellas_statue_experiment,
          grunt_ministairs_6, led_sif_book
D:7:      serial_shops, shop, grunt_ogre_cave
D:8:      kennysheep_little_box, erik_lair_orcish_takeover
D:9:      lemuel_round_altar, kennysheep_big_empty_room, uniq_maurice
Lair:1:   mu_elephants_graveyard, basic_altar
Lair:2:   uniq_nergalle
Lair:3:   grunt_megastairs_3
Lair:4:   grunt_megastairs_4, uniq_harold
Lair:5:   spider_nest_entry_rubble, infiniplex_staircase_pool
Lair:6:   minmay_swamp_entry_worms, uniq_snorg

Notes
Turn   | Place    | Note
--------------------------------------------------------------
     0 | D:1      | rlgrobin the Mummy Monk began the quest for the Orb.
     0 | D:1      | Reached XP level 1. HP: 18/18 MP: 1/1
   288 | D:1      | Reached XP level 2. HP: 9/24 MP: 2/2
   586 | D:1      | You fall through a shaft!
  1318 | D:2      | Reached skill level 4 in Unarmed Combat
  1554 | D:2      | Found an ancient bone altar of Kikubaaqudgha.
  1573 | D:2      | Reached XP level 3. HP: 9/29 MP: 3/3
  1603 | D:2      | HP: 1/29 [hobgoblin/club (4)]
  1947 | D:2      | Found a blossoming altar of Fedhas.
  3274 | D:3      | Reached XP level 4. HP: 35/35 MP: 4/4
  3630 | D:3      | Noticed Terence
  3978 | D:3      | Reached skill level 5 in Unarmed Combat
  5183 | D:2      | Killed Terence
  5183 | D:2      | Reached XP level 5. HP: 24/41 MP: 5/5
  5374 | D:2      | Found an ancient bone altar of Kikubaaqudgha.
  5375 | D:2      | Found a blossoming altar of Fedhas.
  5716 | D:3      | Reached skill level 3 in Dodging
  5835 | D:4      | Noticed Robin
  6223 | D:4      | Killed Robin
  6318 | D:4      | Noticed an ogre
  6898 | D:4      | Reached skill level 4 in Dodging
  7239 | D:3      | Noticed a sky beast
  7521 | D:4      | You fall through a shaft!
  7521 | D:5      | Entered Level 5 of the Dungeon
  7604 | D:5      | Noticed tyranidshit's ghost (novice DsAK)
  7615 | D:5      | Noticed a sky beast
  7617 | D:5      | Found a staircase to the Ecumenical Temple.
  7635 | D:4      | Reached XP level 6. HP: 44/47 MP: 6/6
  7671 | D:4      | Noticed Blork the orc
  7872 | D:4      | Killed Blork the orc
  8956 | D:3      | Killed a sky beast
  8956 | D:3      | Reached XP level 7. HP: 15/52 MP: 7/7
  9412 | D:3      | Reached skill level 6 in Unarmed Combat
  9759 | D:4      | Reached skill level 5 in Dodging
 11207 | D:4      | Noticed Crazy Yiuf
 11221 | D:4      | Killed Crazy Yiuf
 11700 | D:5      | Found a white marble altar of Elyvilon.
 12653 | D:3      | Reached XP level 8. HP: 11/58 MP: 8/8
 13344 | D:5      | Found a radiant altar of Vehumet.
 13344 | D:5      | Found a burning altar of Makhleb.
 13378 | D:5      | Reached skill level 7 in Unarmed Combat
 13999 | D:6      | Reached skill level 6 in Dodging
 14376 | D:6      | Got an ancient dagger
 14634 | D:6      | Found a shimmering altar of Xom.
 14774 | D:6      | Found an oddly glowing altar of Pakellas.
 14774 | D:6      | Noticed an orange crystal statue
 14836 | D:6      | Found a deep blue altar of Sif Muna.
 15239 | D:7      | Reached skill level 7 in Dodging
 17485 | D:7      | Reached skill level 8 in Unarmed Combat
 17485 | D:7      | Reached XP level 9. HP: 55/63 MP: 9/9
 18320 | D:7      | Reached skill level 8 in Dodging
 18549 | D:7      | Found Zonown's Antique Armour Shoppe.
 18558 | D:7      | Bought a runed hat for 100 gold pieces
 19230 | D:6      | Reached skill level 9 in Unarmed Combat
 20124 | D:5      | Killed tyranidshit's ghost
 20334 | D:5      | Reached skill level 9 in Dodging
 21690 | D:8      | Reached XP level 10. HP: 70/70 MP: 10/10
 21706 | D:8      | Reached skill level 4 in Fighting
 21939 | D:8      | Found a staircase to the Lair.
 22412 | D:8      | Reached skill level 5 in Fighting
 22645 | D:8      | Found a basalt altar of Yredelemnul.
 22829 | D:6      | HP: 1/74 [orc warrior/dire flail (22)]
 22853 | D:5      | A series of bad decisions
 24882 | D:8      | Found a basalt altar of Yredelemnul.
 25003 | D:8      | Found a staircase to the Lair.
 25033 | D:8      | Reached skill level 10 in Unarmed Combat
 26166 | D:9      | Reached skill level 10 in Dodging
 26178 | D:9      | Found a bloodstained altar of Trog.
 26455 | D:9      | Noticed Maurice
 26529 | Lair:1   | Entered Level 1 of the Lair of Beasts
 26984 | Lair:1   | Noticed an elephant
 27009 | D:8      | Reached skill level 6 in Fighting
 27009 | D:8      | Reached XP level 11. HP: 61/81 MP: 11/11
 27649 | D:8      | Reached skill level 7 in Fighting
 28031 | Lair:1   | Reached skill level 2 in Stealth
 28378 | Lair:1   | Found a glowing golden altar of the Shining One.
 28748 | D:8      | Reached skill level 3 in Stealth
 29015 | Lair:1   | Reached skill level 4 in Stealth
 30689 | D:8      | Noticed a deep elf mage
 31578 | Lair:1   | Reached skill level 11 in Unarmed Combat
 32520 | Lair:1   | Found a glowing golden altar of the Shining One.
 32546 | Lair:1   | HP: 8/84 [spiny frog (3)]
 33598 | Lair:1   | Reached skill level 11 in Dodging
 33906 | Lair:1   | Reached XP level 12. HP: 61/91 MP: 12/12
 34782 | Lair:2   | Noticed Nergalle
 35162 | Lair:2   | Killed Nergalle
 36023 | Lair:2   | Reached skill level 12 in Unarmed Combat
 37592 | Lair:3   | Reached skill level 5 in Stealth
 38019 | Lair:4   | Noticed Harold
 38068 | Lair:4   | Noticed an eight-headed hydra
 38383 | Lair:4   | Reached skill level 6 in Stealth
 38914 | Lair:4   | Reached skill level 8 in Fighting
 40544 | Lair:4   | Reached skill level 9 in Fighting
 41505 | Lair:5   | Gained mutation: You are in touch with the powers of death. [Mummy growth]
 41505 | Lair:5   | Gained mutation: You can restore your body by infusing magical energy. [Mummy growth]
 41505 | Lair:5   | Reached XP level 13. HP: 88/101 MP: 13/13
 41641 | Lair:5   | Found a hole to the Spider Nest.
 41910 | Lair:4   | Reached skill level 12 in Dodging
 44181 | Lair:6   | HP: 1/101 [giant leech (32)]
 44182 | Lair:6   | Demolished by a giant leech

Vanquished Creatures
  Nergalle (Lair:2)
  2 griffons (Lair:4)
  16 elephants
  2 black mambas
  The ghost of tyranidshit the Fighter, a novice DsAK of Lugonu (D:5)
  A centaur skeleton (D:7)
  8 spiny frogs
  A rime drake (Lair:1)
  2 komodo dragons
  A troll (D:8)
  8 blink frogs
  A tarantella (Lair:5)
  2 hippogriffs
  A basilisk (Lair:5)
  39 yaks
  3 wargs (D:8)
  9 water moccasins
  2 sky beasts (D:3)
  12 porcupines
  3 black bears
  5 orc warriors
  2 phantoms
  8 ogres
  A necrophage (D:7)
  2 ice beasts
  10 wolves
  17 crocodiles
  4 centaurs
  A big kobold (D:7)
  Blork the orc (D:4)
  15 giant frogs
  2 scorpions
  10 killer bees (D:8)
  13 wights
  2 howler monkeys
  6 crimson imps
  5 giant frog zombies
  5 hounds
  Crazy Yiuf (D:4)
  4 jellies
  8 orc priests
  10 orc wizards
  2 giant frog skeletons
  15 iguanas
  10 worker ants
  Terence (D:2)
  18 sheep
  A hound zombie (D:7)
  3 hound skeletons
  Robin (D:4)
  9 gnolls
  40 river rats
  12 adders
  3 howler monkey skeletons
  A shadow imp (D:9)
  4 worms
  A dart slug (D:3)
  5 giant geckos
  68 orcs
  6 giant cockroaches
  26 goblins
  6 hobgoblins
  14 jackals
  9 quokkas
  2 ball pythons
  13 bats
  A giant cockroach zombie (D:5)
  2 giant gecko skeletons (D:4)
  7 giant newts
  A jackal skeleton (D:4)
  13 kobolds
  2 quokka skeletons
  17 rats
  A fungus (Lair:3)
561 creatures vanquished.

Vanquished Creatures (collateral kills)
  A spiny frog (Lair:1)
1 creature vanquished.

Vanquished Creatures (others)
  A wyvern (D:6)
  A giant gecko (D:7)
  15 fungi
  5 plants
22 creatures vanquished.

Grand Total: 584 creatures vanquished
